Cogmind - Beta 14 @@@ ROGUE MODE // 2024.11.02 @ 16:09:04 Player: Kole Result: Destroyed by Y-45 Defender with Beam Rifle Performance ------------- Evolutions (0) 0 Regions Visited (2) 400 Robots Destroyed (12) 60 Value Destroyed (230) 230 Prototype IDs (2) 40 Alien Tech Used (0) 0 Bonus (0) 0 TOTAL SCORE: 730 Bonus ------- None Cogmind --------- Core Integrity 0/250 Matter 265/300 Energy 121/125 System Corruption 0% Temperature Cool (11) Movement Walking (120) Location -10/Mines Parts ------- > --- POWER (1) -------- Light Ion Engine > --- PROPULSION (2) --- Aluminum Leg Aluminum Leg > --- UTILITY (2) ------ Small Storage Unit Structural Scanner > --- WEAPON (2) ------- (None) > --- INVENTORY (8) ---- Ion Engine Light Ion Engine Terrain Scanner Terrain Scan Processor ECM Suite Peak State ------------ > --- POWER ------------ Ion Engine > --- PROPULSION ------- Aluminum Leg Aluminum Leg > --- UTILITY ---------- Small Storage Unit Terrain Scanner > --- WEAPON ----------- Small Laser Small Laser > --- INVENTORY -------- Light Ion Engine Light Assault Rifle [Rating: 7] Favorites ----------- Power Ion Engine Engine Ion Engine Propulsion Aluminum Leg Leg Aluminum Leg Utility Small Storage Unit Device ECM Suite Storage Small Storage Unit Protection Propulsion Shielding Weapon Small Laser Energy Gun Small Laser Ballistic Gun Light Assault Rifle Build | -11 -10 -10 ------- Run | Yrd Mat Min Slots Evolved . | . . . Power . | . . . Propulsion . | . . . Utility . | . . . Weapon . | . . . Parts Attached 17 | 6 8 3 Power 3 | 1 1 1 Engine 3 | 1 1 1 Core . | . . . Reactor . | . . . Propulsion 5 | 2 2 1 Treads . | . . . Leg 5 | 2 2 1 Wheel . | . . . Hover . | . . . Flight . | . . . Utility 5 | 1 3 1 Device 3 | . 2 1 Storage 1 | 1 . . Processor . | . . . Hackware . | . . . Protection 1 | . 1 . Artifact . | . . . Weapon 4 | 2 2 . Energy Gun 3 | 2 1 . Energy Cannon . | . . . Ballistic Gun 1 | . 1 . Ballistic Cannon . | . . . Launcher . | . . . Special Weapon . | . . . Impact Weapon . | . . . Slashing Weapon . | . . . Piercing Weapon . | . . . Special Melee Weapon . | . . . Unidentified Prototypes . | . . . Parts Lost 8 | . 7 1 Power 1 | . 1 . Propulsion 2 | . 2 . Utility 1 | . 1 . Weapon 4 | . 3 1 Highest Loss Streak 7 | . 7 1 To Critical Strikes . | . . . Average Slot Usage (%) 89 | . 96 84 Engine 13 | . 13 14 Leg 27 | . 26 27 Device 11 | . 8 14 Storage 14 | . 14 14 Protection 2 | . 5 . Energy Gun 11 | . 25 . Ballistic Gun 8 | . 1 14 Peak Build Rating 7 | 6 7 6 Average Rating 5 | 3 6 5 On Entrance 3 | . 6 4 Naked Turns . | . . . Heaviest Build 13 | 12 13 11 Greatest Support 20 | 20 20 20 Greatest Overweight (x) 4 | 3 4 . Average Overweight (x) . | 1 . . Largest Inventory Capacity 8 | 8 8 8 Average Capacity 7 | 7 8 8 Most Carried 7 | 5 7 5 Average Carried 3 | 3 4 3 Final Capacity 8 | 8 8 8 Final Carried 5 | 2 3 5 Class Distribution -------------------- 100% | Mutant Dominant Class ---------------- Mutant | -10/Materials Mutant | -10/Mines Resources | -11 -10 -10 ----------- Run | Yrd Mat Min Matter Collected 341 | 240 74 27 Remotely . | . . . Salvage Created 298 | . 251 47 Parts 26 | . 20 6 Haulers Intercepted . | . . . Recyclers Shooed . | . . . Parts Field Recycled . | . . . Retrieved Matter . | . . . Parts Self-Destructed . | . . . Prevented . | . . . Kills | -11 -10 -10 ------- Run | Yrd Mat Min Combat Hostiles Destroyed 10 | . 10 . Guns 10 | . 10 . Classes Destroyed 3 | . 2 1 Builder 2 | . . 2 Swarmer 5 | . 5 . Grunt 5 | . 5 . Best Kill Streak 5 | . 5 1 Combat Bots Only 5 | . 5 . Max Kills in Single Turn 2 | . 2 1 Gunslinging . | . . . Exploded . | . . . Melee . | . . . Uniques/NPCs Destroyed . | . . . Combat | -11 -10 -10 -------- Run | Yrd Mat Min Hostile Shots Fired 109 | . 102 7 Missed 22 | . 20 2 Damage Taken 1032 | . 960 72 Core 264 | . 235 29 Absorbed by Shields . | . . . Redirected to Shielding 18 | . 18 . Core Remaining (%) 100 | 100 . . Volleys Fired 50 | . 23 27 Largest 2 | . 2 1 Hottest 80 | . 80 20 Shots Fired 72 | . 45 27 Gun 72 | . 45 27 Cannon . | . . . Launcher . | . . . Special . | . . . Kinetic 33 | . 6 27 Thermal 39 | . 39 . Explosive . | . . . Electromagnetic . | . . . Robot Hit Streak 8 | . 8 5 Robot Miss Streak 3 | . 2 3 Penetration Max . | . . . Secondary Targets 2 | . 2 . Max Gunslinging Chain 1 | . 1 . Shots Hit Robots 49 | . 30 19 Core Hits 26 | . 18 8 Critical Kills . | . . . Critical Parts Destroyed . | . . . Critical Strikes . | . . . Melee Attacks . | . . . Impact . | . . . Slashing . | . . . Piercing . | . . . Sneak Attacks . | . . . Combat Hostiles . | . . . Follow-up Attacks . | . . . Damage Inflicted 502 | . 349 153 Guns 501 | . 348 153 Cannons . | . . . Explosions . | . . . Melee . | . . . Ramming 1 | . 1 . Kinetic 203 | . 50 153 Thermal 298 | . 298 . Explosive . | . . . Electromagnetic . | . . . Impact . | . . . Slashing . | . . . Piercing . | . . . Highest Corruption . | . . . Average Corruption . | . . . Corruption Purged . | . . . Corruption Blocked . | . . . Overload Shots . | . . . Overflow Damage . | . . . Projectiles . | . . . Explosions . | . . . Melee . | . . . Knockbacks . | . . . Impact . | . . . Kinetic . | . . . Secondary . | . . . Self-Inflicted Damage . | . . . Shots . | . . . Rammed 1 | . 1 . Targets Rammed 1 | . 1 . Kicked . | . . . Crushed . | . . . Highest Temperature 204 | . 204 9 Average Temperature 91 | . 93 9 Received Heat Transfer 396 | . 369 27 Siege Activations . | . . . Robots Corrupted . | . . . Combat Hostiles . | . . . Parts Fried . | . . . Impact Corruptions . | . . . Robots Melted . | . . . Combat Hostiles . | . . . Parts Melted 1 | . 1 . Heat Transferred 675 | . 675 . Parts Sabotaged . | . . . Parts Stolen . | . . . Parts Stripped . | . . . Power Chain Reactions . | . . . Alert | -11 -10 -10 ------- Run | Yrd Mat Min Peak Influence 253 | . 253 107 Initial 82 | . . 82 Average 77 | . 88 88 Maximum Alert Level 1 | . 1 . Low Security (%) 94 | 100 85 100 Level 1 5 | . 14 . Level 2 . | . . . Level 3 . | . . . Level 4 . | . . . Level 5 . | . . . High Security . | . . . Max Security . | . . . Squads Dispatched 3 | . 3 . Investigation 2 | . 2 . Extermination . | . . . Reinforcement 1 | . 1 . Assault . | . . . Garrison . | . . . Intercept . | . . . Searches Triggered . | . . . Construction Impeded . | . . . Haulers Reinforced . | . . . Active Scanning Responses . | . . . Cargo Convoy Interrupts . | . . . Stealth | -11 -10 -10 --------- Run | Yrd Mat Min Distress Signals 1 | . 1 . Communications Jammed . | . . . Distress Signals . | . . . Times Spotted 18 | . 17 1 Peak Tracking Total 7 | . 7 1 Tactical Retreats . | . . . Traps | -11 -10 -10 ------- Run | Yrd Mat Min Traps Triggered 2 | . 2 . Indirectly . | . . . Trap Hack Attempts . | . . . Triggered . | . . . Disarmed . | . . . Reprogrammed . | . . . Reused . | . . . Traps Extracted . | . . . Installed . | . . . Triggered . | . . . Machines | -11 -10 -10 ---------- Run | Yrd Mat Min Machines Disabled . | . . . Max in Single Turn . | . . . Machines Repaired . | . . . Machines Dismantled . | . . . Machines Sabotaged . | . . . Overloaded Fab Kills . | . . . Hacking | -11 -10 -10 --------- Run | Yrd Mat Min Machines Accessed 4 | . 4 . Terminals 3 | . 3 . Fabricators . | . . . Repair Stations . | . . . Recycling Units 1 | . 1 . Scanalyzers . | . . . Garrison Access . | . . . Total Hacks 16 | . 16 . Successful 9 | . 9 . Failed 7 | . 7 . Catastrophic 2 | . 2 . Database Lockouts . | . . . Manual 4 | . 4 . Terminals 10 | . 10 . Fabricators . | . . . Repair Stations . | . . . Recycling Units 6 | . 6 . Scanalyzers . | . . . Garrison Access . | . . . Terminal Hacks 5 | . 5 . Robot Analysis 1 | . 1 . Prototype ID Bank 1 | . 1 . Branch Access Points 1 | . 1 . Reinforcement Status 1 | . 1 . Zone Layout 1 | . 1 . Fabricator Hacks . | . . . Repair Station Hacks . | . . . Recycling Unit Hacks 4 | . 4 . Recycle Component 1 | . 1 . Process 1 | . 1 . Report Inventory 1 | . 1 . Retrieve Components 1 | . 1 . Scanalyzer . | . . . Garrison Access Hacks . | . . . Unauthorized Hacks . | . . . Terminals . | . . . Fabricators . | . . . Repair Stations . | . . . Recycling Units . | . . . Scanalyzers . | . . . Garrison Access . | . . . Data Cores Recovered . | . . . Used . | . . . Hacking Detections 4 | . 4 . Full Trace Events 2 | . 2 . Feedback Events . | . . . Feedback Blocked . | . . . Robot Schematics Acquired . | . . . Robots Built . | . . . Authchips . | . . . Time . | . . . Total Robot Build Rating . | . . . Part Schematics Acquired . | . . . Parts Built . | . . . Authchips . | . . . Time . | . . . Total Part Build Rating . | . . . Parts Repaired . | . . . Time . | . . . Parts Recycled 1 | . 1 . Recycled Matter 17 | . 17 . Retrieved Matter . | . . . Retrieved Components 1 | . 1 . Parts Scanalyzed . | . . . Part Schematics Acquired . | . . . Parts Damaged . | . . . Bothacking | -11 -10 -10 ------------ Run | Yrd Mat Min Used RIF Installer . | . . . Robots Hacked . | . . . Non-combat . | . . . Combat . | . . . Robot Hacks Applied . | . . . Relay Couplers Released . | . . . Fabnet Peak Effective % . | . . . Robots Rewired . | . . . Allies Hacked . | . . . Hacks Repelled . | . . . Allies | -11 -10 -10 -------- Run | Yrd Mat Min Total Allies . | . . . Largest Group . | . . . Highest-Rated Group . | . . . Highest-Rated Ally . | . . . Total Orders . | . . . Ally Attacks . | . . . Total Damage . | . . . Kills . | . . . Allies Corrupted . | . . . Allies Melted . | . . . Intel | -11 -10 -10 ------- Run | Yrd Mat Min Robot Analysis Total 1 | . 1 . Derelict Logs Recovered . | . . . Drone Launches . | . . . Drone Recoveries . | . . . Exploration | -11 -10 -10 ------------- Run | Yrd Mat Min Turns Passed 737 | 91 297 349 Spaces Moved 464 | 46 173 245 Core 36 | 34 2 . Treads . | . . . Legs 428 | 12 171 245 Wheels . | . . . Hover . | . . . Flight . | . . . Fastest Speed 50 | 50 120 120 Average Speed 124 | 159 120 120 Slowest Speed 250 | 200 250 120 Overloaded Moves . | . . . Propulsion Burnouts . | . . . Robots Hopped . | . . . Cave-ins Triggered . | . . . Exploration Rate (%) 25 | 5 28 44 Regions Visited 2 Branch Regions 1 Pre-discovered Areas . | . . . Known Exits Taken 1 | . 1 . Unknown Exits Taken 1 | 1 . . Scrap Searched . | . . . Spaces Dug . | . . . Terrain Destroyed . | . . . Melee . | . . . Projectile . | . . . AOE . | . . . Terrain Rammed . | . . . Walls Destroyed . | . . . Machines Disabled . | . . . Actions | -11 -10 -10 --------- Run | Yrd Mat Min Total 557 | 63 215 279 Wait 4 | 4 . . Move 462 | 45 172 245 Hop . | . . . Pick Up 21 | 8 9 4 Fast Attach . | . . . Attach 13 | 6 5 2 Detach . | . . . Swap 4 | . 3 1 Drop 2 | . 2 . Fire 50 | . 23 27 Melee . | . . . Ram 1 | . 1 . Kick . | . . . Crush . | . . . Escape Stasis . | . . . Rewire . | . . . Trap . | . . . Miscellaneous . | . . . Route ------- -11/Scrapyard -10/Materials -10/Mines (discovered 1 exit: [*Mat]) History --------- Turn | Location | Event 27 | -11/Scrapyard | Discovered new exit (range 15) 92 | -11/Scrapyard | Entered Materials 301 | -10/Materials | Build established: Mutant 325 | -10/Materials | Identified exit to Mines 368 | -10/Materials | Core integrity fell below 50% 382 | -10/Materials | Core integrity fell below 20% 389 | -10/Materials | Entered Mines 407 | -10/Mines | Lost 7 parts (1p2n1u3w) 584 | -10/Mines | Discovered new exit (range 8) 729 | -10/Mines | Joined a pair of Derelicts in attacking an 0b10 outpost 738 | -10/Mines | Destroyed by Y-45 Defender with Beam Rifle Last Messages --------------- 00541_ U-05 Engineer lays Concrete. 00545_ T-07 Excavator is excavating. 00551_ U-05 Engineer destroyed. 00553_ T-07 Excavator is excavating. 00557_ Acquired Terrain Scanner. 00558_ T-07 Excavator is excavating. 00560_ Acquired Lgt. Ion Engine. 00562_ T-07 Excavator is excavating. 00562_ Acquired Structural Scanner. 00566_ T-07 Excavator is excavating. 00584_ EXIT=FOUND 00628_ U-05 Engineer builds a Wall. 00629_ T-07 Excavator is excavating. 00716_ K-01 Serf collects debris. 00729_ A derelict emerges from the shadows: "We've had our eye on this brand new outpost for a little while, just waiting for an opportunity to strike. Need some help?" 00730_ K-01 Serf collects debris. 00735_ Lgt. Assault Rifle destroyed. Map ----- +----------------------------------------------------+ | ????????????????????? # ######### ############### | | ?????????????????????## ##### ####### ##### | | ?????????????????????## ## | | ?????????????????????### # % | | ????????????????????????#### ########## | | ????????????????????????################ ### | | ??????????????????????????###???????#### ##### | | ????????????????????????????????????### ####### | | ????????????????????????????????????## ######### | | ????????????????????????????????????## ######## | | ????????????????????????????????????## ###### | | ????????????????????????????????????### # | | ????????????????????????????????????### # | | ?????????????????????????????????????### ## ## | | ?????????????????????????????????????######### ## | | ??????????????????????????????????????######## ## | | ??????????????????????????????????????????#### ## | | ?????????????????????????????????????????##### ## | | ?????????????## ????????????????????????#### | | ?????????????## ????????????????????????### | | ?????????????## ?????########???????????## | | ????????????### ##?##########??????????## | | ???????????#### ######"!!"###??????????## | | ???????????### ####""!!""##??????????### | | ??????????### ###%*=! Y#######?????##### | | ?????????#### ###=!@ #########?????##### | | ?????????### ###//##### ############# | | ????????### g ## ########### | | ????????## g # | | ????????## ## | | ????????### ???#### | | ????????????????### ## ### ## # | | ?????????????????## ### ###### ### ## | | ?????????????????### #### ###### ####### | | ?????????????????### ## ##### ###### ####### | | ??????????????????## ### ###### #???? | | ??????????????????## #########?## #???? | | ??????????????????## ?#######??########### #???? | | ??????????????????## ???????????#######?### #???? | | ??????????????????## ?????????????????????# ##??? | | ??????????????????## ?????????????????????# ##??? | | ??????????????????## ???????????????????### ###?? | | ??????????????????###??????????????????## ##? | | ?????????????????????????????????????### #? | | ????????????????????????????????????## #? | | ?????????????????????????????? """ #? | | ?????????????????????????????? """ # | | ?????????????????????????????? ### """ | | ??????????????????????????????????# | | ??????????????????????????????????# ## ## | +----------------------------------------------------+ Best States ------------- Heat Dissipation 25 Energy Generation 10 Energy Capacity 250 Matter Stores 300 Matter Capacity 300 Sight Range 16 Terrain Scan Range 14 Terrain Scan Density 10 ECM Strength 1 Propulsion Shielding 33 Evasion (%) 55 Item Schematics ----------------- None Robot Schematics ------------------ None Fabricated ------------ Nothing Alien Tech Used ----------------- None Achievements -------------- None Challenges ------------ None Game ------ Seed XenonMetafiberNetwork Manual? 0 Play Time 00:11:10 Cumulative 6.3 hours Start 2024.11.02 @ 15:51:31 End 2024.11.02 @ 16:09:04 Sessions 1 Manual Loads 0 Difficulty Rogue Special Mode None Game No. 12 Rogue 12 Adventurer 0 Explorer 0 Win Type - Total 0 Types 0/0/0/0/0/0/0/0/0 Lore% 7 Gallery% 10 Achievement% 10 Wizard Run 0 Options --------- Layout 1 ASCII 0 Keyboard 0 Movement Arrows Keybinds 0 Fullscreen 2 Font 24/Smallcaps Map View 50x35 Zoom Use 0% Tactical HUD 1 Map Filters NONE Filters NONE Steam 1 RUN: c50e356b-b402-4d83-90ff-5db0be728ee8